 Dungeon Crawl Stone Soup version 0.28.0 (webtiles) character file.

Game seed: 13649623073116214403

831254 danielguo94 the Bringer of Light (level 27, -8/165 (173) HPs)
             Began as a Gargoyle Fighter on Feb 9, 2022.
             Was the Champion of the Shining One.
             Killed from afar by Asmodeus (35 damage)
             ... with damnation
             ... on level 7 of Gehenna on Feb 10, 2022.
             The game lasted 02:41:40 (71625 turns).

danielguo94 the Bringer of Light (GrFi)            Turns: 71625, Time: 02:41:41

HP:   -8/165 (173)  AC: 61    Str: 24 (30) XL:     27
MP:   14/41         EV:  7    Int:  4 (8)  God:    the Shining One [******]
Gold: 6427          SH: 22    Dex:  6 (11) Spells: 26/26 levels left

rFire   + + +      SeeInvis .   Q - +9 broad axe (holy)
rCold   + + +      Faith    .   f - +0 tower shield
rNeg    + + +      Spirit   .   A - +12 gold dragon scales
rPois   ∞          Reflect  .   Z - +1 hat of Gravitas {rC+ Stlth+}
rElec   +          Harm     .   X - scarf {rC+ rF+}
rCorr   +          Rampage  +   U - +2 pair of gloves
Will    +++..                   O - +2 pair of boots {rampage}
Stlth   ..........              i - amulet of regeneration
HPRegen 1.17/turn               e - ring "Itwef" {rElec rN+ Will+ rCorr}
MPRegen 0.27/turn               E - ring "Wetaci" {rF+ rN+ MP+9 Str+3 Int+2}

@: mighty, on fire, flying, glowing, studying 2 skills, lightly drained, unable
to read
A: sickness immunity, AC +20, big wings, negative energy resistance 1,
electricity resistance, torment resistance 1, petrification resistance,
iridescent scales 1, thin skeletal structure 1, clumsy 2, cold resistance 1,
deformed body, deterioration 2, dopey 2, frail 1, low MP 2, weak 1
}: 8/15 runes: barnacled, silver, bone, abyssal, magical, fiery, dark, gossamer
a: Renounce Religion, Divine Shield, Cleansing Flame, Summon Divine Warrior


You were on level 7 of Gehenna.
You worshipped the Shining One.
The Shining One was exalted by your worship.
You visited 14 branches of the dungeon, and saw 63 of its levels.
You visited Pandemonium 1 time, and saw 11 of its levels.
You visited the Abyss 2 times.
You visited 1 bazaar.
You also visited: Gauntlet, Ice Cave and Volcano.

You collected 11182 gold pieces.
You spent 4755 gold pieces at shops.

Inventory:

Hand Weapons
 c - the +5 eveningstar "Qonyl" {spect, rElec Dex+8}
   (You acquired it on level 3 of the Depths)

   When its wielder attacks, the weapon's spirit leaps out and strikes again.
   The spirit shares a part of any damage it takes with its wielder.
   Dex:       It affects your dexterity (+8).
   rElec:     It insulates you from electricity.
 k - a +3 sacred scourge of holy wrath
 N - the +5 broad axe "Foorch" {flame, rPois rF++}
   (You bought it in a shop on level 7 of the Dungeon)

   It burns those it strikes, dealing additional fire damage.
   Big, fiery blades are also staple armaments of hydra-hunters.
   rF:        It greatly protects you from fire.
   rPois:     It protects you from poison.
 Q - a +9 broad axe of holy wrath (weapon)
 W - a +2 morningstar of holy wrath
Missiles
 j - 20 silver javelins
 l - 6 throwing nets
 m - 44 javelins
 B - 15 curare-tipped darts (quivered)
 I - 3 datura-tipped darts
 K - 19 atropa-tipped darts
Armour
 f - a +0 tower shield (worn)
 A - +12 gold dragon scales (worn)
 O - a +2 pair of boots of rampaging (worn)
 T - a scarf of shadows
 U - a +2 pair of gloves (worn)
 V - the +3 chain mail "Batt" {+Blink MP+9 Dex+4}
   (You took it off a vault guard on level 14 of the Dungeon)

   Dex:       It affects your dexterity (+4).
   MP:        It affects your magic capacity (+9).
   +Blink:    It lets you blink.
 X - a scarf of resistance (worn)
 Z - the +1 hat of Gravitas (worn) {rC+ Stlth+}
   (You acquired it on level 4 of the Spider Nest)

   rC:        It protects you from cold.
   Stlth:     It makes you more stealthy.
Jewellery
 e - the ring "Itwef" (left hand) {rElec rN+ Will+ rCorr}
   (You took it off a balrug in Pandemonium)

   [ring of resist corrosion]

   rElec:     It insulates you from electricity.
   rN:        It protects you from negative energy.
   rCorr:     It protects you from acid and corrosion.
   Will:      It increases your willpower.
 i - an amulet of regeneration (around neck)
 C - the ring "Offora" {rF+ rC++ EV+4 Slay+3}
   (You found it in Pandemonium)

   [ring of evasion]

   EV:        It affects your evasion (+4).
   Slay:      It affects your accuracy & damage with ranged weapons and melee
   (+3).
   rF:        It protects you from fire.
   rC:        It greatly protects you from cold.
 E - the ring "Wetaci" (right hand) {rF+ rN+ MP+9 Str+3 Int+2}
   (You took it off an ironbound convoker on level 5 of the Vaults)

   [ring of protection from fire]

   Str:       It affects your strength (+3).
   Int:       It affects your intelligence (+2).
   rF:        It protects you from fire.
   rN:        It protects you from negative energy.
   MP:        It affects your magic capacity (+9).
 P - the ring "Rocim" {Wiz Fly Will+ Slay+2}
   (You took it off a minotaur in a Gauntlet)

   [ring of wizardry]

   It improves your spell success rate.
   Slay:      It affects your accuracy & damage with ranged weapons and melee
   (+2).
   Fly:       It grants you flight.
   Will:      It increases your willpower.
Wands
 r - a wand of iceblast (15)
 s - a wand of mindburst (41)
 D - a wand of digging (7)
 L - a wand of paralysis (45)
 R - a wand of acid (31)
Scrolls
 a - 9 scrolls of fog
 b - 2 scrolls of holy word
 o - 6 scrolls of summoning
 q - 5 scrolls of blinking
 t - 12 scrolls of immolation
 w - 13 scrolls of fear
 x - 4 scrolls of brand weapon
 y - 15 scrolls of teleportation
 M - 15 scrolls of enchant weapon
 Y - 8 scrolls of silence
Potions
 d - 9 potions of might
 g - 5 potions of haste
 h - 9 potions of ambrosia
 n - 11 potions of mutation
 p - 8 potions of cancellation
 u - 20 potions of curing
 v - 3 potions of berserk rage
 z - 10 potions of attraction
 F - 6 potions of heal wounds
 G - 9 potions of lignification
 H - 3 potions of resistance
 S - 3 potions of magic


   Skills:
 * Level 25.4 Fighting
 * Level 23.2(26.0) Axes
 + Level 22.0(26.5) Maces & Flails
 + Level 1.8 Throwing
 + Level 21.3 Armour
 + Level 6.0 Dodging
 + Level 25.6 Shields
 O Level 27 Invocations
 + Level 1.8 Evocations


You had 26 spell levels left.
You didn't know any spells.
Your spell library contained the following spells:

 Spells                   Type           Power      Damage    Failure   Level
 Animate Skeleton         Necr           0%         N/A       100%        1
 Apportation              Tloc           0%         N/A       100%        1
 Beastly Appendage        Tmut           0%         N/A       100%        1
 Magic Dart               Conj           0%         1d3       100%        1
 Sandblast                Erth           0%         2d4       100%        1
 Shock                    Conj/Air       0%         1d3       100%        1
 Slow                     Hex            0%         N/A       100%        1
 Summon Small Mammal      Summ           0%         N/A       100%        1
 Blink                    Tloc           0%         N/A       100%        2
 Call Imp                 Summ           0%         N/A       100%        2
 Corpse Rot               Necr/Air       0%         N/A       100%        2
 Ensorcelled Hibernation  Hex/Ice        0%         N/A       100%        2
 Passwall                 Tmut/Erth      0%         N/A       100%        2
 Poisonous Vapours        Pois/Air       0%         N/A       100%        2
 Searing Ray              Conj           0%         2d4       100%        2
 Static Discharge         Conj/Air       0%         N/A       100%        2
 Wereblood                Tmut           0%         N/A       100%        2
 Call Canine Familiar     Summ           0%         N/A       100%        3
 Confusing Touch          Hex            0%         N/A       100%        3
 Dazzling Flash           Conj/Hex       0%         N/A       100%        3
 Frozen Ramparts          Ice            0%         1d2       100%        3
 Gell's Gravitas          Tloc           0%         N/A       100%        3
 Ignite Poison            Fire/Tmut/Pois 0%         N/A       100%        3
 Lesser Beckoning         Tloc           0%         N/A       100%        3
 Mephitic Cloud           Conj/Pois/Air  0%         N/A       100%        3
 Ozocubu's Armour         Ice            0%         N/A       100%        3
 Spider Form              Tmut/Pois      0%         N/A       100%        3
 Stone Arrow              Conj/Erth      0%         3d7       100%        3
 Summon Guardian Golem    Hex/Summ       0%         N/A       100%        3
 Swiftness                Air            0%         N/A       100%        3
 Teleport Other           Tloc           0%         N/A       100%        3
 Vampiric Draining        Necr           0%         2d6       100%        3
 Airstrike                Air            0%         N/A       100%        4
 Anguish                  Hex/Necr       0%         N/A       100%        4
 Animate Armour           Summ/Erth      0%         N/A       100%        4
 Animate Dead             Necr           0%         N/A       100%        4
 Cause Fear               Hex            0%         N/A       100%        4
 Dispel Undead            Necr           0%         3d6       100%        4
 Fulminant Prism          Conj/Hex       0%         3d6       100%        4
 Ice Form                 Ice/Tmut       0%         N/A       100%        4
 Iskenderun's Mystic Bla  Conj/Tloc      0%         2d3       100%        4
 Leda's Liquefaction      Hex/Erth       0%         N/A       100%        4
 Passage of Golubria      Tloc           0%         N/A       100%        4
 Petrify                  Tmut/Erth      0%         N/A       100%        4
 Summon Ice Beast         Ice/Summ       0%         N/A       100%        4
 Summon Lightning Spire   Summ/Air       0%         N/A       100%        4
 Agony                    Necr           0%         N/A       100%        5
 Alistair's Intoxication  Tmut/Pois      0%         N/A       100%        5
 Blade Hands              Tmut           0%         N/A       100%        5
 Borgnjor's Vile Clutch   Necr/Erth      0%         N/A       100%        5
 Fireball                 Conj/Fire      0%         3d3       100%        5
 Freezing Cloud           Conj/Ice/Air   0%         6-21      100%        5
 Irradiate                Conj/Tmut      0%         3d13      100%        5
 Iskenderun's Battlesphe  Conj           0%         2d6       100%        5
 Lee's Rapid Deconstruct  Erth           0%         3d5*      100%        5
 Lightning Bolt           Conj/Air       0%         1d11      100%        5
 Manifold Assault         Tloc           0%         N/A       100%        5
 Silence                  Hex/Air        0%         N/A       100%        5
 Summon Forest            Summ/Tloc      0%         N/A       100%        5
 Summon Mana Viper        Hex/Summ       0%         N/A       100%        5
 Yara's Violent Unravell  Hex/Tmut       0%         3d3       100%        5
 Conjure Ball Lightning   Conj/Air       0%         3x3d6     100%        6
 Death Channel            Necr           0%         N/A       100%        6
 Eringya's Noxious Bog    Tmut/Pois      0%         N/A       100%        6
 Iron Shot                Conj/Erth      0%         9d1       100%        6
 Starburst                Conj/Fire      0%         6d3       100%        6
 Summon Cactus Giant      Summ           0%         N/A       100%        6
 Dragon Form              Tmut           0%         N/A       100%        7
 Enfeeble                 Hex            0%         N/A       100%        7
 Haunt                    Necr/Summ      0%         N/A       100%        7
 Malign Gateway           Summ/Tloc      0%         N/A       100%        7
 Monstrous Menagerie      Summ           0%         N/A       100%        7
 Orb of Destruction       Conj           0%         9d5       100%        7
 Ozocubu's Refrigeration  Ice            0%         4d5       100%        7
 Spellforged Servitor     Conj/Summ      0%         N/A       100%        7
 Storm Form               Tmut/Air       0%         N/A       100%        7
 Summon Hydra             Summ           0%         N/A       100%        7
 Borgnjor's Revivificati  Necr           0%         N/A       100%        8
 Ignition                 Fire           0%         3d3       100%        8
 Infestation              Necr           0%         N/A       100%        8
 Lehudib's Crystal Spear  Conj/Erth      0%         10d2      100%        8
 Maxwell's Capacitive Co  Air            0%         ∞         100%        8
 Necromutation            Tmut/Necr      0%         N/A       100%        8
 Summon Horrible Things   Summ           0%         N/A       100%        8
 Dragon's Call            Summ           0%         N/A       100%        9
 Sublimation of Blood     Necr           Unusable   N/A       N/A         2
 Statue Form              Tmut/Erth      Unusable   N/A       N/A         6

Dungeon Overview and Level Annotations

Branches:
Dungeon (15/15)            Temple (1/1) D:4            Lair (6/6) D:9
 Shoals (4/4) Lair:2       Spider (4/4) Lair:2        Slime (0/5) Lair:6
    Orc (2/2) D:10            Elf (3/3) Orc:2        Vaults (5/5) D:14
  Crypt (3/3) Vaults:3       Tomb (0/3) Crypt:3      Depths (4/4) D:15
   Hell (visited)             Dis (0/7) Hell            Geh (7/7) Hell
    Coc (0/7) Hell            Tar (7/7) Hell            Zot (1/5) Depths:4
  IceCv (visited)         Volcano (visited)         Gauntlet (visited)

Altars:
Ashenzari
Cheibriados
Dithmenos
Elyvilon
Fedhas
Gozag
Hepliaklqana
Kikubaaqudgha
Makhleb
Nemelex Xobeh
Okawaru
Qazlal
Ru
Sif Muna
Trog
Uskayaw
Vehumet
Wu Jian
Xom
Yredelemnul
Zin
The Shining One
Lugonu

Shops:
D:7 :(   Orc:2 ?(:[   Elf:1 !?*   Vaults:4 ?

Portals:
Hell: Depths:1* Depths:2 Depths:3 Depths:4
Abyss: Depths:3 Depths:4
Pandemonium: Depths:2
Ziggurat: Depths:2

Annotations:
Lair:6 exclusion: 2 oklob plants
Geh:3 18 runed doors
Geh:7 Asmodeus


Innate Abilities, Weirdness & Mutations

You are immune to sickness and miasma.
Your stone body is resilient. (AC +20)
You are immune to poison.
Your large and strong wings let you fly.
You resist negative energy. (rN+)
You are resistant to electric shocks. (rElec)
You are resistant to unholy torment.
You are immune to petrification.
You are partially covered in iridescent scales. (AC +2)
You have a somewhat thin skeletal structure. (Dex +2, Stealth+)
You are very clumsy. (Dex -4)
Your flesh is cold resistant. (rC+)
Armour fits poorly on your strangely shaped body.
Your body often deteriorates upon taking damage.
You are very dopey. (Int -4)
You are frail. (-10% HP)
Your magical capacity is very low. (-20% MP)
You are weak. (Str -2)


Message History

Okay, then.
Unknown command.
Okay, then.
Unknown command.
Unknown command.
Okay, then.
Unknown command.
Activating: Cleansing Flame (0% risk of failure)
Press: ? - help, Dir - look around, f - activate The golden flame engulfs you but does no damage.
You resist.
The golden flame engulfs the balrug!!!!
The balrug writhes in agony!
You kill the balrug!
The balrug disappears in a puff of smoke!
The golden flame engulfs Asmodeus!!!
Asmodeus writhes in agony!
Asmodeus is almost dead.
The golden flame engulfs the hellion!!!!
The hellion writhes in agony!
You kill the hellion!
The hellion disappears in a puff of smoke!
The golden flame engulfs the balrug!!!!
The balrug writhes in agony!
You kill the balrug!
The balrug disappears in a puff of smoke!
The golden flame engulfs the hellion!!!
The hellion writhes in agony!
You kill the hellion!
The hellion disappears in a puff of smoke!
You are engulfed in blazing flames.
You resist.
You are covered in liquid flames!
* * * LOW HITPOINT WARNING * * *
Asmodeus hits you but does no damage.
Unknown command.
Unknown command.
Unknown command.
Unknown command.
You feel much better.
You are covered in liquid flames!
* * * LOW HITPOINT WARNING * * *
Asmodeus gestures at you.
The sphere of damnation explodes!
The damnation engulfs you!!
You die...

#########################
#########################
§≈≈≈≈≈≈≈≈≈≈≈§≈§§§§§≈≈≈§≈≈
§..........≈≈§§§§≈§§≈≈≈§§
..§............§○.☼..§§≈≈
≈..≈≈...≈≈......@&☼^...≈≈
≈≈≈≈≈≈§≈§§########§##..§≈
≈≈§≈§≈§≈§≈# ..# .§≈
≈≈≈§≈≈≈≈≈§# ○... ≈
≈≈##≈§§≈≈§# ○°#..
≈≈##≈≈≈≈≈§# ☼##..≈§
≈§§≈§§§≈# $$ .§§
§§≈..§§≈# ○○ §≈ ≈≈§##≈§≈#


You could see Asmodeus (clouds).

Vanquished Creatures
  Cerebov (Pan)
  Ereshkigal (Tar:7)
  Gloorx Vloq (Pan)
  Lom Lobon (Pan)
  4 dread liches
  Khufu (Crypt:1)
  4 ancient liches
  Mennas (Depths:3)
  A royal mummy (Crypt:1)
  4 juggernauts
  Boris (twice) (Crypt:2 Depths:2)
  Saint Roka (Depths:3)
  Frederick (Crypt:1)
  Bai Suzhen (Crypt:2)
  Geryon (Hell)
  8 pandemonium lords (Pan)
  2 golden dragons
  3 profane servitors
  Nikola (Spider:1)
  33 bone dragons
  2 electric golems
  The ghost of Drazool the Executioner, an adept MiFi of Uskayaw (Vaults:3)
  19 Tzitzimimeh
  16 doom hounds
  A shard shrike zombie (Crypt:2)
  11 Brimstone Fiends
  12 hellephants
  7 tentacled monstrosities
  A Hell Sentinel (Pan)
  2 walking earthen tomes
  11 tainted leviathans
  2 Ice Fiends (Pan)
  11 searing wretches
  10 liches
  9 titans
  2 deep elf blademasters (Elf:3)
  A walking divine tome (Depths:1)
  3 ancient champions (Hell)
  2 quicksilver dragons
  Polyphemus (Shoals:3)
  2 deep elf master archers (Elf:3)
  3 death cobs (Zot:1)
  A walking frostbound tome (Depths:4)
  15 tentacled starspawn
  5 sphinxes
  22 Executioners
  2 krakens (Shoals:1)
  A sphinx (shapeshifter) (Depths:1)
  Gastronok (D:12)
  Frances (Elf:1)
  7 tengu reavers
  7 storm dragons
  6 shadow dragons
  6 demonspawn warmongers (Pan)
  3 draconian knights
  A daeva (Abyss:4)
  12 frost giants
  10 emperor scorpions
  14 fire giants
  2 revenants
  3 iron dragons
  9 deep elf sorcerers
  A shard shrike simulacrum (Abyss:4)
  A draconian scorcher (Depths:4)
  13 vault wardens
  10 cacodemons
  6 spectral caustic shrikes
  A spectral juggernaut (Tar:3)
  40 balrugs
  5 curse skulls
  5 ghost moths
  2 caustic shrike zombies (Crypt:3)
  5 deep elf elementalists (Elf:3)
  A juggernaut zombie (Depths:3)
  2 spriggan defenders (Depths:1)
  3 demonspawn blood saints (Pan)
  5 draconian annihilators
  2 angels (Pan)
  A draconian stormcaller (Zot:1)
  14 ironbound preservers
  26 reapers
  7 demonspawn corrupters (Pan)
  27 very ugly things
  17 stone giants
  3 war gargoyles
  The ghost of ZombieSheep the Unseen, a journeyman OpBe of Trog (Lair:6)
  3 green draconians
  4 ironbound thunderhulks (Vaults:1)
  Azrael (D:14)
  9 vampire knights
  4 deep elf demonologists (Elf:3)
  13 putrid mouths
  Nessos (D:15)
  3 demonspawn black suns (Pan)
  A red draconian (Depths:4)
  3 white draconians
  4 entropy weavers
  A black draconian (Depths:4)
  12 deep elf annihilators
  2 iron golems (Hell)
  8 lorocyprocas (Pan)
  20 spark wasps
  A minotaur (Gauntlet)
  16 dire elephants
  2 yellow draconians
  2 purple draconians
  The ghost of GilGalad the Cleaver, a journeyman MiFi of Makhleb (Shoals:1)
  19 eidola
  14 ettins
  11 deep elf death magi
  12 green deaths
  11 blizzard demons
  A mummy priest (Crypt:3)
  A quicksilver dragon zombie (Crypt:3)
  14 jiangshi
  13 merfolk impalers
  9 merfolk javelineers
  A spectral quicksilver dragon (Tar:6)
  5 spriggan zombies
  6 deep elf high priests
  Josephine (Orc:1)
  4 fire dragons
  7 great orbs of eyes
  A fire dragon (shapeshifter) (Depths:2)
  14 yaktaur captains
  2 spectral spriggans
  12 rakshasas
  A spectral fenstrider witch (Tar:2)
  14 salamander tyrants
  A hell beast (Pan)
  14 ice dragons
  36 vault guards
  2 peacekeepers
  12 hydras
  10 boulder beetles
  4 catoblepae
  5 alligator snapping turtles
  A spriggan air mage (Depths:3)
  A quicksilver dragon skeleton (Crypt:2)
  19 ironbound frosthearts
  2 ogre magi (Vaults:5)
  2 merfolk avatars
  7 centaur warriors
  2 merfolk aquamancers
  4 stokers
  A death scarab (Spider:3)
  3 vampire magi
  2 death knights
  34 dancing weapons
  5 two-headed ogres
  A spectral draconian (Tar:1)
  4 satyrs
  4 tengu warriors
  9 deep troll shamans
  24 hell hogs
  12 death yaks
  3 orc high priests (Orc:2)
  5 spriggan berserkers
  10 deep troll earth magi
  3 shock serpents (Pan)
  A spectral storm dragon (Tar:1)
  22 thrashing horrors
  2 spriggans (Depths:1)
  A spectral naga (Tar:1)
  66 sun demons
  12 skeletal warriors
  15 wretched stars
  38 soul eaters
  19 deep elf knights
  25 hell knights
  9 pharaoh ants
  23 shadow wraiths
  A golden dragon zombie (Crypt:3)
  26 sixfirhies
  9 steelbarb worms
  13 iron trolls
  A storm dragon skeleton (Crypt:2)
  2 anaconda zombies (Crypt:3)
  12 sea snakes
  5 spatial maelstroms
  2 bunyip zombies (Crypt:3)
  4 flayed ghosts
  A goliath frog (Depths:1)
  A spectral anaconda (Tar:1)
  3 deep elf archers
  49 deep trolls
  A sea snake (shapeshifter) (D:14)
  9 orb spiders
  12 glowing orange brains
  A shadow dragon zombie (Crypt:2)
  2 obsidian statues
  3 orange crystal statues
  A spectral hydra (Lair:6)
  11 shadow demons
  2 bunyip skeletons (Crypt:3)
  15 deep elf zephyrmancers
  A spectral iron dragon (Tar:3)
  20 harpies
  14 wizards
  19 deep elf pyromancers
  2 anaconda skeletons
  19 phantasmal warriors
  6 lindwurms
  20 necromancers
  9 orc knights
  A mana viper (shapeshifter) (Vaults:5)
  20 ironbound convokers
  15 wolf spiders
  70 ugly things
  22 fauns
  A shadow dragon skeleton (Pan)
  A salamander (shapeshifter) (D:14)
  An elephant (shapeshifter) (Vaults:3)
  A stone giant zombie (Crypt:3)
  4 orc sorcerers
  16 manticores
  8 moths of wrath
  A spectral ettin (Tar:3)
  A will-o-the-wisp (Abyss:4)
  7 cyclopes
  6 elephants
  40 large abominations
  2 stone giant skeletons (Crypt:3)
  4 worldbinders
  A frost giant skeleton (Depths:3)
  A guardian serpent (shapeshifter) (Vaults:5)
  A jorogumo skeleton (Crypt:1)
  A moth of wrath (shapeshifter) (Vaults:5)
  18 vault sentinels
  5 water nymphs
  83 smoke demons
  5 apocalypse crabs
  A dire elephant zombie (Crypt:3)
  2 dire elephant skeletons
  9 merfolk sirens
  15 molten gargoyles
  Maggie (D:6)
  5 black mambas
  17 orange demons
  2 rust devils (Hell)
  3 unseen horrors
  An orc skeleton (Pan)
  4 gargoyles
  14 cane toads
  4 torpor snails
  23 hellions
  27 demonic crawlers
  8 komodo dragons
  5 ice devils
  An alligator snapping turtle skeleton (Abyss:1)
  8 efreet
  22 yaktaurs
  10 rime drakes
  24 tormentors
  11 freezing wraiths
  4 tengu conjurers
  41 hellwings
  4 harpy zombies
  11 ancient zymes (Abyss:4)
  An iron giant simulacrum (Abyss:4)
  A queen bee (Abyss:4)
  7 red devils
  A spectral harpy (Tar:5)
  2 yaktaur skeletons
  A queen bee (shapeshifter) (D:12)
  32 merfolk
  2 silent spectres (Tar:1)
  20 meliai
  A wolf spider simulacrum (Gauntlet)
  A hydra zombie (Crypt:3)
  20 polar bears
  3 hornets (Depths:1)
  2 wind drakes (Shoals:4)
  A polar bear (shapeshifter) (D:14)
  25 slime creatures
  A tarantella (shapeshifter) (Vaults:5)
  4 trolls
  2 blink frogs (shapeshifter)
  3 harpy skeletons
  Prince Ribbit (Lair:3)
  23 raiju
  16 tarantellas
  8 snapping turtles
  A wind drake (shapeshifter) (D:10)
  An ice dragon zombie (Abyss:1)
  24 blink frogs
  An ettin zombie (Crypt:3)
  2 dream sheep (Shoals:2)
  A stone giant simulacrum (Vaults:3)
  110 starcursed masses
  6 air elementals
  20 flying skulls
  24 jumping spiders
  5 centaur simulacra (Gauntlet)
  Sigmund (D:2)
  An alligator skeleton (Volcano)
  14 culicivoras
  25 ynoxinuls
  20 water elementals
  13 wraiths
  A vampire (Abyss:1)
  10 wyverns
  A black mamba skeleton (Pan)
  4 fire elementals
  79 yaks
  5 golden eyes (Abyss:4)
  10 basilisks
  The ghost of ISoar the Shield-Bearer, an amateur FoFi (D:3)
  19 neqoxecs
  13 chaos spawn
  A naga zombie (Crypt:3)
  53 redbacks
  A deep troll zombie (Crypt:2)
  9 spatial vortices
  13 vampire mosquitoes
  A spectral cane toad (Lair:6)
  A two-headed ogre zombie (Crypt:1)
  A hydra simulacrum (Lair:6)
  9 wargs
  An acid dragon (D:12)
  A floating eye (Depths:1)
  34 hell hounds
  Duvessa (D:6)
  18 water moccasins
  A deep troll skeleton (Crypt:1)
  40 orc warriors
  3 sky beasts
  An ice beast (D:7)
  12 black bears
  A black mamba simulacrum (Lair:6)
  A necrophage (D:7)
  A boggart (Vaults:1)
  31 wolves
  8 ogres
  6 centaurs
  A phantom (Depths:1)
  3 kobold brigands
  A rime drake skeleton (Crypt:1)
  2 earth elementals (Elf:3)
  3 gnoll sergeants
  9 bullfrogs
  2 cane toad simulacra
  11 scorpions
  2 glowing shapeshifter simulacra
  An ogre simulacrum (Vaults:2)
  7 wyvern skeletons (Crypt:3)
  Dowan (D:6)
  A water moccasin skeleton (Crypt:1)
  13 killer bees
  A polar bear skeleton (Crypt:1)
  9 wights
  4 spriggan skeletons
  A troll skeleton (Volcano)
  2 electric eels
  18 small abominations
  6 crimson imps (Abyss:4)
  5 centaur zombies
  A jelly (D:8)
  5 quasits
  A wyvern simulacrum (Gauntlet)
  A human zombie (Crypt:2)
  3 human simulacra
  6 iron imps
  A bullfrog zombie (D:4)
  4 hounds
  18 orc priests
  A bullfrog skeleton (Crypt:2)
  2 centaur skeletons
  A gnoll shaman (D:6)
  20 orc wizards
  3 iguanas
  A demigod skeleton (Crypt:2)
  5 naga skeletons
  5 mummies
  24 gnolls
  2 howler monkey skeletons
  7 adders
  A shadow imp (D:5)
  5 white imps
  6 ufetubi
  A worm zombie (Crypt:2)
  A worm (D:3)
  3 dart slugs
  81 orcs
  10 ball pythons
  5 bats
  7 endoplasms
  6 giant cockroaches
  10 goblins
  8 hobgoblins
  8 quokkas
  A frilled lizard (D:1)
  A hobgoblin zombie (Crypt:1)
  26 kobolds
  An orc zombie (Crypt:1)
  3 rats
  4 ball lightnings (Pan)
  A creeping inferno (Geh:3)
  30 fire vortices
  A lurking horror (Abyss:4)
  16 starspawn tentacles
  5 tentacles (Shoals:1)
3489 creatures vanquished.

Vanquished Creatures (others)
  A fire giant (Geh:3)
  A frost giant (Depths:1)
  A green death (Pan)
  A deep elf death mage (Elf:3)
  A dancing weapon (Elf:2)
  A stoker (Geh:7)
  A wizard (Pan)
  2 deep elf zephyrmancers (Elf:2)
  A cyclops (D:14)
  A smoke demon (Hell)
  A large abomination (Abyss:1)
  A naga simulacrum (Abyss:4)
  A hell hound (Hell)
  An orc wizard (Orc:2)
  A hell rat (Depths:1)
  An orc (Orc:2)
  A quokka (D:14)
  2 ball lightnings (Pan)
  A bush (Lair:5)
  A creeping inferno (Geh:7)
  A fire vortex (Geh:7)
  6 foxfires (Abyss:4)
  20 fungi
  A lurking horror (Abyss:4)
  168 plants
  26 starspawn tentacles
  9 tentacles (Shoals:1)
  34 withered plants
287 creatures vanquished.

Grand Total: 3776 creatures vanquished

Notes
Turn   | Place    | Note
-------+----------+-------------------------------------------
     0 | D:1      | danielguo94 the Gargoyle Fighter began the quest for the
                  | Orb.
     0 | D:1      | Reached XP level 1. HP: 14/14 MP: 1/1
     2 | D:1      | Noticed a gargoyle
     2 | D:1      | Noticed a naga
     4 | D:1      | Noticed a dwarf
     4 | D:1      | Noticed a ghoul
     6 | D:1      | Noticed a demigod
     8 | D:1      | Noticed an elf
     8 | D:1      | Noticed a formicid
    10 | D:1      | Noticed a minotaur
    12 | D:1      | Noticed a vine stalker
    12 | D:1      | Noticed an octopode
    14 | D:1      | Noticed a merfolk
    14 | D:1      | Noticed a vampire
    16 | D:1      | Noticed a demonspawn
    18 | D:1      | Noticed a draconian
    20 | D:1      | Noticed a human
    20 | D:1      | Noticed an ogre
    22 | D:1      | Noticed a felid
    24 | D:1      | Noticed a troll
    24 | D:1      | Noticed a spriggan
    26 | D:1      | Noticed a tengu
    39 | D:1      | Found a faded altar of an unknown god.
    58 | D:1      | Reached XP level 2. HP: 14/19 MP: 2/2
   348 | D:1      | Reached XP level 3. HP: 23/23 MP: 3/3
   795 | D:2      | Noticed Sigmund
   903 | D:2      | Reached XP level 4. HP: 28/28 MP: 4/4
  1262 | D:3      | Noticed a scorpion
  1291 | D:3      | Killed a scorpion
  1292 | D:3      | Reached XP level 5. HP: 31/33 MP: 5/5
  1468 | D:3      | Reached skill level 5 in Maces & Flails
  1532 | D:3      | Found a runed translucent gate.
  1532 | D:3      | Found a runed translucent gate.
  1532 | D:3      | Found a runed translucent gate.
  1532 | D:3      | Noticed ISoar's ghost (amateur FoFi)
  1722 | D:4      | Reached XP level 6. HP: 38/38 MP: 6/6
  1772 | D:2      | Killed Sigmund
  1986 | D:4      | Reached XP level 7. HP: 43/43 MP: 7/7
  2546 | D:4      | Found a staircase to the Ecumenical Temple.
  2762 | Temple   | Entered the Ecumenical Temple
  2944 | Temple   | Became a worshipper of the Shining One
  3098 | D:3      | Killed ISoar's ghost
  3099 | D:3      | Reached skill level 1 in Dodging
  3172 | D:5      | Entered Level 5 of the Dungeon
  3211 | D:5      | Reached XP level 8. HP: 44/48 MP: 8/8
  3240 | D:5      | Found an opulent altar of Gozag.
  3576 | D:5      | Reached skill level 5 in Armour
  3758 | D:6      | Reached skill level 1 in Invocations
  3836 | D:6      | Reached * piety under the Shining One
  3869 | D:6      | Found the +5 robe of Misfortune {Harm *Corrode *Slow EV+5}
  3895 | D:6      | Noticed Dowan
  3897 | D:6      | Noticed Duvessa
  3907 | D:6      | Killed Duvessa
  3915 | D:6      | Killed Dowan
  3945 | D:6      | Reached skill level 2 in Invocations
  4249 | D:6      | Noticed Maggie
  4260 | D:6      | Killed Maggie
  4261 | D:6      | Reached skill level 5 in Fighting
  4261 | D:6      | Reached skill level 3 in Invocations
  4261 | D:6      | Reached XP level 9. HP: 44/54 MP: 9/11
  4545 | D:7      | Found Jypaloaq's Book Shop.
  4558 | D:7      | Found Ingenu Siga's Weapon Boutique.
  4601 | D:7      | Reached skill level 10 in Maces & Flails
  5135 | D:7      | Reached skill level 4 in Invocations
  5607 | D:8      | Reached XP level 10. HP: 60/60 MP: 13/13
  5634 | D:8      | Reached ** piety under the Shining One
  5959 | D:8      | Reached skill level 5 in Shields
  6247 | D:8      | Gained mutation: You have sharp toenails. [potion of
                  | mutation]
  6247 | D:8      | Gained mutation: You are weak. (Str -2) [potion of
                  | mutation]
  6249 | D:8      | HP: 2/60 [wyvern (8)]
  6350 | D:9      | Reached skill level 5 in Invocations
  6558 | D:9      | Found a staircase to the Lair.
  6676 | D:9      | Reached skill level 6 in Invocations
  6725 | D:8      | Reached XP level 11. HP: 59/66 MP: 15/15
  7147 | D:10     | Entered Level 10 of the Dungeon
  7147 | D:10     | Reached *** piety under the Shining One
  7214 | D:10     | Found a staircase to the Orcish Mines.
  8092 | Lair:1   | Entered Level 1 of the Lair of Beasts
  8147 | Lair:1   | Reached skill level 7 in Invocations
  8570 | Lair:1   | Noticed a seven-headed hydra
  8652 | Lair:1   | Killed a seven-headed hydra
  8653 | Lair:1   | Reached XP level 12. HP: 39/73 MP: 17/17
  8956 | Lair:2   | Found a gate leading to a gauntlet.
  8980 | Gauntlet | Entered a Gauntlet
  8980 | Gauntlet | Found a transporter.
  8990 | Gauntlet | Found a transporter.
  8993 | Gauntlet | Found a transporter.
  8994 | Gauntlet | Found a transporter.
  9002 | Gauntlet | Found a transporter.
  9005 | Gauntlet | Found a transporter.
  9006 | Gauntlet | Found a transporter.
  9008 | Gauntlet | Reached **** piety under the Shining One
  9012 | Gauntlet | Found a runed translucent gate.
  9012 | Gauntlet | Found a runed translucent gate.
  9014 | Gauntlet | Found a transporter.
  9017 | Gauntlet | Found a transporter.
  9018 | Gauntlet | Found a transporter.
  9026 | Gauntlet | Found a runed translucent gate.
  9029 | Gauntlet | Found a transporter.
  9030 | Gauntlet | Found a transporter.
  9037 | Gauntlet | Found a runed translucent door.
  9040 | Gauntlet | Found a transporter.
  9063 | Gauntlet | Found a transporter.
  9285 | Gauntlet | Reached ***** piety under the Shining One
  9318 | Gauntlet | Identified the +2 helmet of Makhleb's Inspiration {rN+}
  9378 | Gauntlet | Identified the +0 hat "Uzxep" {Slay+3}
  9428 | Gauntlet | Identified the ring "Rocim" {Wiz Fly Will+ Slay+2}
  9428 | Gauntlet | Noticed a minotaur
  9441 | Gauntlet | Killed a minotaur
  9442 | Gauntlet | Reached skill level 8 in Invocations
  9449 | Gauntlet | Identified the +11 dagger of Evil {drain, Int+3}
  9450 | Gauntlet | Got the Catalogue of Sinister Beguiling
  9450 | Gauntlet | Got the Reference Book on the Glacier and Evil Arts
  9589 | Lair:2   | Found a staircase to the Shoals.
  9613 | Lair:2   | Found a hole to the Spider Nest.
  9686 | Lair:2   | You fall into a shaft and drop 2 floors!
  9975 | Lair:3   | Noticed Prince Ribbit
  9989 | Lair:3   | Killed Prince Ribbit
 10125 | Lair:3   | Noticed an eight-headed hydra
 10132 | Lair:3   | Killed an eight-headed hydra
 10133 | Lair:3   | Reached skill level 15 in Maces & Flails
 10187 | Lair:3   | Reached XP level 13. HP: 78/80 MP: 19/19
 10250 | Lair:3   | Found a dark tunnel.
 10258 | Volcano  | Entered a volcano
 10503 | Volcano  | Reached skill level 10 in Fighting
 10583 | Volcano  | HP: 2/82 [something (25)]
 11142 | Lair:3   | Reached skill level 9 in Invocations
 13020 | Lair:5   | Reached skill level 10 in Armour
 13090 | Lair:5   | Noticed a dire elephant
 13198 | Lair:5   | Killed a dire elephant
 13357 | Lair:5   | Gained mutation: Your large and strong wings let you fly.
                  | [Gargoyle growth]
 13357 | Lair:5   | Reached XP level 14. HP: 39/88 MP: 21/21
 13558 | Lair:5   | Reached skill level 10 in Invocations
 14400 | Lair:6   | Entered Level 6 of the Lair of Beasts
 15196 | Lair:6   | Reached skill level 11 in Invocations
 15217 | Lair:6   | Reached ****** piety under the Shining One
 15318 | Lair:6   | Reached XP level 15. HP: 62/96 MP: 23/23
 15573 | Lair:6   | Found a staircase to the Slime Pits.
 15650 | Lair:6   | Found a runed translucent gate.
 15650 | Lair:6   | Found a runed translucent gate.
 15651 | Lair:6   | Found a runed translucent gate.
 15997 | Lair:6   | Noticed ZombieSheep's ghost (journeyman OpBe)
 16064 | Lair:6   | Killed ZombieSheep's ghost
 16324 | Orc:1    | Entered Level 1 of the Orcish Mines
 16324 | Orc:1    | Noticed Josephine
 16339 | Orc:1    | Killed Josephine
 16501 | Orc:2    | Entered Level 2 of the Orcish Mines
 16961 | Orc:2    | Found a staircase to the Elven Halls.
 17812 | Orc:2    | Reached skill level 12 in Invocations
 17823 | Orc:2    | Found Ixuump's Book Emporium.
 17823 | Orc:2    | Found Quseom's Antique Armour Shop.
 17825 | Orc:2    | Found Quag's Magic Scroll Emporium.
 17825 | Orc:2    | Found Qoew's Weapon Shop.
 17833 | Orc:2    | Bought a scroll of teleportation for 36 gold pieces
 17833 | Orc:2    | Bought 2 scrolls of teleportation for 72 gold pieces
 17833 | Orc:2    | Bought a scroll of enchant armour for 90 gold pieces
 17833 | Orc:2    | Bought a scroll of enchant weapon for 90 gold pieces
 17833 | Orc:2    | Bought a scroll of immolation for 42 gold pieces
 17833 | Orc:2    | Bought a scroll of identify for 24 gold pieces
 17836 | Orc:2    | Bought a scroll of vulnerability for 90 gold pieces
 17840 | Orc:2    | Bought a pair of embroidered gloves for 195 gold pieces
 19529 | D:12     | You are sucked into a shaft and drop 2 floors!
 19529 | D:14     | Found a gate to the Vaults.
 19674 | D:14     | Identified the +3 chain mail "Batt" {+Blink MP+9 Dex+4}
 20005 | D:13     | Reached skill level 10 in Shields
 20248 | D:12     | Noticed Gastronok
 20279 | D:12     | Killed Gastronok
 20686 | D:13     | Reached XP level 16. HP: 103/103 MP: 25/25
 21209 | D:14     | Noticed Azrael
 21228 | D:14     | Killed Azrael
 21296 | D:14     | Found a shimmering altar of Xom.
 21393 | D:14     | Found an iron altar of Okawaru.
 21503 | D:14     | Found a white marble altar of Elyvilon.
 21577 | D:14     | Reached skill level 13 in Invocations
 22216 | D:15     | Entered Level 15 of the Dungeon
 22242 | D:15     | Noticed Nessos
 22262 | D:15     | Killed Nessos
 22792 | D:15     | Found a staircase to the Depths.
 23016 | D:15     | Reached skill level 14 in Invocations
 23493 | Spider:1 | Entered Level 1 of the Spider Nest
 23820 | Spider:1 | Reached skill level 5 in Dodging
 23969 | Spider:1 | Noticed Nikola
 23990 | Spider:1 | Killed Nikola
 24064 | Spider:1 | Reached XP level 17. HP: 93/110 MP: 27/27
 25043 | Spider:2 | You are sucked into a shaft and drop 1 floor!
 26928 | Spider:4 | Entered Level 4 of the Spider Nest
 27267 | Spider:4 | Identified a scroll of acquirement
 27268 | Spider:4 | Acquired the +1 hat of Gravitas {rC+ Stlth+}
 27422 | Spider:3 | Reached skill level 15 in Invocations
 28166 | Spider:4 | Reached XP level 18. HP: 83/117 MP: 29/29
 28336 | Spider:4 | Got a gossamer rune of Zot
 28734 | Shoals:1 | Entered Level 1 of the Shoals
 28761 | Shoals:1 | Reached skill level 15 in Fighting
 28871 | Shoals:1 | Cast into level 3 of the Abyss (merfolk impaler)
 28916 | Abyss:3  | Noticed a bone dragon
 28932 | Abyss:3  | Killed a bone dragon
 28964 | Abyss:3  | Noticed a bone dragon
 28980 | Abyss:3  | Killed a bone dragon
 28983 | Abyss:3  | Identified the amulet of Rakhla {RegenMP rElec rF+ Str-3
                  | Int+3}
 28992 | Abyss:3  | Found a runed translucent door.
 29031 | Abyss:3  | Gained mutation: Your body sometimes deteriorates upon
                  | taking damage. [a neqoxec]
 29095 | Abyss:3  | Noticed a lich
 29105 | Abyss:3  | Killed a lich
 29120 | Shoals:1 | Escaped the Abyss
 29143 | Shoals:1 | Paralysed by a great orb of eyes for 3 turns
 29143 | Shoals:1 | Identified the ring of the Salamander {rCorr Int+8 Dex-4
                  | SInv}
 29217 | Shoals:1 | Reached skill level 16 in Invocations
 29239 | Shoals:1 | Found a frozen archway.
 29248 | IceCv    | Entered an ice cave
 30098 | IceCv    | Identified the +0 pair of gloves "Archur" {Stlth+}
 30611 | Lair:2   | Reached skill level 17 in Invocations
 30995 | Shoals:1 | Noticed GilGalad's ghost (journeyman MiFi)
 30998 | Shoals:1 | Found a runed translucent door.
 31156 | Shoals:1 | Reached XP level 19. HP: 125/125 MP: 31/31
 31455 | Shoals:1 | Got the Incunabulum of Mad Ravings
 31455 | Shoals:1 | Noticed a tentacled monstrosity
 31468 | Shoals:1 | Killed a tentacled monstrosity
 31469 | Shoals:1 | Reached skill level 15 in Armour
 31541 | Shoals:1 | Killed GilGalad's ghost
 32417 | Shoals:2 | You are sucked into a shaft and drop 1 floor!
 32922 | Shoals:3 | Noticed Polyphemus
 32947 | Shoals:3 | Killed Polyphemus
 33698 | Shoals:4 | Entered Level 4 of the Shoals
 34027 | Shoals:4 | Identified the amulet of Uxzisu {Acrobat Harm *Slow Str+5}
 34065 | Shoals:4 | Got the Collected Works on Evil Confrontation
 34108 | Shoals:4 | Reached skill level 18 in Invocations
 34187 | Shoals:4 | Identified the +10 shortbow of the Swamp {vorpal, rC+ Str-5
                  | Stlth+}
 35137 | Shoals:4 | Got a barnacled rune of Zot
 35478 | Elf:1    | Entered Level 1 of the Elven Halls
 35507 | Elf:1    | Identified the +6 whip "Irrekk" {pain, rCorr Int+2}
 35575 | Elf:1    | Found Juawuwokh's Magic Scroll Emporium.
 35581 | Elf:1    | Bought a scroll of blinking for 105 gold pieces
 35581 | Elf:1    | Bought a scroll of teleportation for 42 gold pieces
 35581 | Elf:1    | Bought a scroll of enchant weapon for 105 gold pieces
 35581 | Elf:1    | Bought a scroll of teleportation for 42 gold pieces
 35581 | Elf:1    | Bought a scroll of teleportation for 42 gold pieces
 35596 | Elf:1    | Noticed Frances
 35616 | Elf:1    | Killed Frances
 35662 | Elf:1    | Found Addizoc's Assorted Antiques.
 35979 | Elf:1    | Found Raimn's Distillery.
 35986 | Elf:1    | Bought a potion of curing for 42 gold pieces
 35986 | Elf:1    | Bought a potion of heal wounds for 70 gold pieces
 35986 | Elf:1    | Bought a potion of lignification for 42 gold pieces
 35986 | Elf:1    | Bought a potion of lignification for 42 gold pieces
 36281 | Elf:1    | Bought a scroll of identify for 44 gold pieces
 36281 | Elf:1    | Bought a scroll labelled NYBLUD CYSODI for 22 gold pieces
 36281 | Elf:1    | Bought a potion of heal wounds for 110 gold pieces
 36281 | Elf:1    | Bought a scroll labelled NYBLUD CYSODI for 22 gold pieces
 36281 | Elf:1    | Bought a scroll of enchant armour for 165 gold pieces
 36433 | Elf:1    | Reached XP level 20. HP: 132/132 MP: 33/33
 36576 | Elf:1    | Found a shimmering blue altar of Sif Muna.
 36731 | Elf:2    | Paralysed by an air elemental for 1 turns
 36737 | Elf:2    | Paralysed by an air elemental for 1 turns
 37010 | Elf:2    | Found a runed translucent gate.
 37010 | Elf:2    | Found a runed translucent gate.
 37010 | Elf:2    | Found a runed translucent gate.
 37168 | Elf:2    | Paralysed by an air elemental for 1 turns
 38030 | Elf:3    | Entered Level 3 of the Elven Halls
 38169 | Elf:3    | Paralysed by an air elemental for 1 turns
 38372 | Elf:3    | Paralysed by an air elemental for 1 turns
 38376 | Elf:3    | Paralysed by an air elemental for 1 turns
 38459 | Elf:3    | Reached skill level 19 in Invocations
 38878 | Elf:3    | Noticed a Tzitzimitl
 38946 | Elf:3    | Identified the +7 dagger "Dotsus" {vorpal, rN+}
 39434 | Elf:3    | Reached XP level 21. HP: 140/140 MP: 34/34
 39465 | Elf:3    | Got Sophisticated Secret Knowledge
 39489 | Elf:3    | Got Sorcery in Simple Steps
 39957 | Vaults:1 | Entered Level 1 of the Vaults
 40167 | Vaults:1 | Identified the +8 chain mail of Nurhah {-Cast +Inv rElec
                  | rF++}
 41659 | Vaults:2 | Reached skill level 20 in Invocations
 42231 | Vaults:2 | Reached skill level 15 in Shields
 42882 | Vaults:3 | Reached XP level 22. HP: 148/148 MP: 30/36
 43461 | Vaults:3 | Found a transporter.
 43461 | Vaults:3 | Noticed Drazool's ghost (adept MiFi)
 43461 | Vaults:3 | Noticed a dread lich
 43462 | Vaults:3 | Found a transporter.
 43643 | Vaults:3 | Found a staircase to the Crypt.
 43653 | Vaults:3 | Paralysed by a vampire knight for 5 turns
 44180 | Vaults:4 | Found a flickering gateway to a bazaar.
 44190 | Bazaar   | Entered a bazaar
 44194 | Bazaar   | Found Isopp's Jewellery Boutique.
 44216 | Bazaar   | Found Plog's Antique Weapon Emporium.
 44237 | Bazaar   | Found Qymomom's Book Boutique.
 44257 | Bazaar   | Found Bittighu's Distillery.
 44263 | Bazaar   | Bought a potion of mutation for 72 gold pieces
 44263 | Bazaar   | Bought a potion of mutation for 72 gold pieces
 44263 | Bazaar   | Bought a potion of mutation for 72 gold pieces
 44263 | Bazaar   | Bought a potion of resistance for 90 gold pieces
 44263 | Bazaar   | Bought 2 potions of attraction for 54 gold pieces
 44263 | Bazaar   | Bought a potion of attraction for 27 gold pieces
 44284 | Bazaar   | Bought the ring of the Philosopher {*Corrode Str+8 Dex+6
                  | Slay+2} for 765 gold pieces
 44887 | Vaults:4 | Reached skill level 21 in Invocations
 45517 | Vaults:4 | Found Lolaaw's Jewellery Shoppe.
 45543 | Vaults:4 | Found Imoso's Magic Scroll Shop.
 45546 | Vaults:4 | Bought a scroll of holy word for 75 gold pieces
 45546 | Vaults:4 | Bought a scroll of enchant armour for 75 gold pieces
 45546 | Vaults:4 | Bought a scroll of blinking for 75 gold pieces
 45546 | Vaults:4 | Bought a scroll of immolation for 35 gold pieces
 45546 | Vaults:4 | Bought a scroll of fog for 20 gold pieces
 45709 | Crypt:1  | Entered Level 1 of the Crypt
 45933 | Crypt:1  | Noticed a royal mummy
 45941 | Crypt:1  | Noticed Khufu
 45948 | Crypt:1  | Killed a royal mummy
 45967 | Crypt:1  | Killed Khufu
 46261 | Vaults:3 | Killed Drazool's ghost
 46262 | Vaults:3 | Reached XP level 23. HP: 155/155 MP: 28/37
 46269 | Vaults:3 | Killed a dread lich
 46588 | D:7      | Bought the +5 broad axe "Foorch" {flame, rPois rF++} for
                  | 669 gold pieces
 46981 | Crypt:1  | Noticed Frederick
 46993 | Crypt:1  | Killed Frederick
 46994 | Crypt:1  | Reached skill level 1 in Axes
 47423 | Crypt:2  | Noticed Boris
 47446 | Crypt:2  | Killed Boris
 47583 | Crypt:2  | Noticed Bai Suzhen
 47614 | Crypt:2  | Killed Bai Suzhen
 47907 | Crypt:3  | Entered Level 3 of the Crypt
 48035 | Crypt:3  | Reached skill level 5 in Axes
 48039 | Crypt:3  | Noticed an ancient lich
 48039 | Crypt:3  | Noticed an ancient lich
 48051 | Crypt:3  | Killed an ancient lich
 48057 | Crypt:3  | Killed an ancient lich
 48073 | Crypt:3  | Identified the +6 dire flail "Hieqaoll" {vorpal, Int+7}
 48124 | Crypt:3  | Identified a +8 broad axe of holy wrath (a +6 broad axe of
                  | flaming blessed by the Shining One)
 48124 | Crypt:3  | Received a gift from the Shining One
 48470 | Crypt:3  | Found an ancient bone altar of Kikubaaqudgha.
 48982 | Crypt:3  | Found a staircase to the Tomb.
 49839 | D:7      | Bought a manual of Shields for 1120 gold pieces
 50062 | Depths:1 | Entered Level 1 of the Depths
 50090 | Depths:1 | Gained mutation: Armour fits poorly on your strangely
                  | shaped body. [a cacodemon]
 50193 | Depths:1 | Gained mutation: Your body often deteriorates upon taking
                  | damage. [a cacodemon]
 50196 | Depths:1 | Reached skill level 22 in Invocations
 50202 | Depths:1 | Identified the +1 swamp dragon scales of Courage {rPois
                  | Str+4 Dex+4}
 50240 | D:15     | Lost mutation: You are weak. (Str -2) [potion of mutation]
 50240 | D:15     | Lost mutation: You have sharp toenails. [potion of
                  | mutation]
 50240 | D:15     | Lost mutation: Your body often deteriorates upon taking
                  | damage. [potion of mutation]
 50240 | D:15     | Gained mutation: You have hidden genetic potential. [potion
                  | of mutation]
 50240 | D:15     | Gained mutation: You are clumsy. (Dex -2) [potion of
                  | mutation]
 50249 | Depths:1 | Reached XP level 24. HP: 158/162 MP: 33/38
 50377 | Depths:1 | Found a gateway to Hell.
 50556 | Depths:1 | Found an ancient bone altar of Kikubaaqudgha.
 50571 | Depths:1 | Found a runed translucent gate.
 50572 | Depths:1 | Found a runed translucent gate.
 50573 | Depths:1 | Found a runed translucent gate.
 50658 | Depths:1 | Reached skill level 10 in Axes
 50944 | Depths:1 | Noticed a juggernaut
 51053 | Depths:1 | Killed a juggernaut
 51290 | Depths:1 | Identified the +5 spear of Success {vorpal, rN+}
 51561 | Depths:1 | Noticed a juggernaut
 51574 | Depths:1 | Killed a juggernaut
 51592 | Depths:1 | Identified the +10 short sword "Ogreslayer" {venom, Str+2
                  | Int+3 Dex+4}
 52083 | Depths:2 | Noticed a juggernaut
 52099 | Depths:2 | Noticed a juggernaut
 52102 | Depths:2 | Killed a juggernaut
 52120 | Depths:1 | Gained mutation: Your mind is acute. (Int +2) [hidden
                  | potential]
 52167 | Depths:1 | Killed a juggernaut
 52235 | Depths:2 | Reached XP level 25. HP: 169/169 MP: 38/38
 52512 | Depths:2 | Found a one-way gateway to a ziggurat.
 52757 | Depths:2 | Reached skill level 23 in Invocations
 53024 | Depths:2 | Found a one-way gate leading to the halls of Pandemonium.
 53907 | Depths:3 | Noticed Boris
 54001 | Depths:2 | Killed Boris
 54196 | Depths:3 | Found a shadowy altar of Dithmenos.
 54375 | Depths:3 | Noticed Saint Roka
 54393 | Depths:3 | Killed Saint Roka
 54495 | Depths:3 | Acquired the +5 eveningstar "Qonyl" {spect, rElec Dex+8}
 54676 | Depths:3 | Found a corrupted altar of Lugonu.
 54677 | Depths:3 | Found a one-way gate to the infinite horrors of the Abyss.
 54931 | Depths:4 | Entered Level 4 of the Depths
 55357 | Depths:4 | Reached skill level 15 in Axes
 55462 | Depths:4 | Noticed Mennas
 55490 | Depths:3 | Killed Mennas
 56126 | Depths:4 | Found a gate to the Realm of Zot.
 56488 | Vaults:5 | Entered Level 5 of the Vaults
 56495 | Vaults:4 | Gained mutation: Your muscles are strong. (Str +2) [hidden
                  | potential]
 56495 | Vaults:4 | Lost mutation: You have hidden genetic potential. [hidden
                  | potential expressed]
 56542 | Vaults:5 | Noticed an ancient lich
 56623 | Vaults:4 | Killed an ancient lich
 56624 | Vaults:4 | Reached XP level 26. HP: 177/177 MP: 38/38
 56817 | Vaults:5 | Identified the ring "Wetaci" {rF+ rN+ MP+9 Str+3 Int+2}
 57063 | Vaults:5 | Identified the +2 trident "Gitech" {venom, rPois Str-3
                  | Int+2 Dex+6}
 57191 | Vaults:5 | Identified the +5 rapier of Sufficient Integrity {protect,
                  | rPois Str+3 Int-4}
 57201 | Vaults:5 | Identified the +10 long sword of Bucizah {drain, *Rage
                  | rElec rPois rCorr Str-5}
 57205 | Vaults:5 | Reached skill level 24 in Invocations
 57205 | Vaults:5 | Identified the +5 long sword of the Twisting Genius {flame,
                  | Int+5 Dex-4}
 57364 | Vaults:5 | Got a silver rune of Zot
 57752 | Vaults:5 | Identified the amulet "Iquaxke" {Faith rElec rF+ Str+3
                  | Int+4}
 57801 | Vaults:5 | Got Cehiath's Compendium of Weightlessness and the Compass
 58015 | Vaults:5 | Identified the +7 rapier of Isin {venom, Stlth+}
 58372 | Hell     | Entered the Vestibule of Hell
 58372 | Hell     | Noticed Geryon
 58411 | Hell     | Killed Geryon
 58476 | Hell     | Found a gateway to the Iron City of Dis.
 58495 | Hell     | Found a gateway to the ashen valley of Gehenna.
 58600 | Hell     | Found a gateway to the decaying netherworld of Tartarus.
 58697 | Hell     | Found a gateway to the freezing wastes of Cocytus.
 58856 | Hell     | Lost mutation: Your muscles are strong. (Str +2) [potion of
                  | mutation]
 58856 | Hell     | Lost mutation: Your mind is acute. (Int +2) [potion of
                  | mutation]
 58856 | Hell     | Lost mutation: Your body sometimes deteriorates upon taking
                  | damage. [potion of mutation]
 58856 | Hell     | Gained mutation: You sometimes lose the ability to read
                  | scrolls when taking damage. [potion of mutation]
 58856 | Hell     | Gained mutation: Your magical capacity is low. (-10% MP)
                  | [potion of mutation]
 58857 | Hell     | Lost mutation: You are clumsy. (Dex -2) [potion of
                  | mutation]
 58857 | Hell     | Lost mutation: Your magical capacity is low. (-10% MP)
                  | [potion of mutation]
 58857 | Hell     | Gained mutation: Your flesh is cold resistant. (rC+)
                  | [potion of mutation]
 58857 | Hell     | Gained mutation: Your magical capacity is low. (-10% MP)
                  | [potion of mutation]
 58857 | Hell     | Gained mutation: You have a pair of small antennae on your
                  | head. [potion of mutation]
 58857 | Hell     | Gained mutation: You possess an exceptional clarity of
                  | mind. [potion of mutation]
 59012 | Zot:1    | Entered Level 1 of the Realm of Zot
 59411 | Zot:1    | Reached XP level 27. HP: 183/183 MP: 35/35
 59524 | Zot:1    | Got Sif Muna's Grimoire of Conjuration
 59648 | Zot:1    | Identified the +7 spear of Void {flame, Dex+3}
 59776 | Depths:4 | Voluntarily entered the Abyss.
 59777 | Abyss:1  | Found a corrupted altar of Lugonu.
 60269 | Abyss:3  | Found a corrupted altar of Lugonu.
 60493 | Abyss:3  | Paralysed by accursed screaming for 2 turns
 60640 | Abyss:3  | Gained mutation: Your magical capacity is very low. (-20%
                  | MP) [a cacodemon]
 60661 | Abyss:3  | Paralysed by accursed screaming for 1 turns
 60720 | Abyss:4  | Paralysed by accursed screaming for 1 turns
 60941 | Abyss:4  | Gained mutation: Your body sometimes deteriorates upon
                  | taking damage. [a neqoxec]
 61316 | Abyss:4  | Gained mutation: You are extremely frail. (-30% HP) [a
                  | neqoxec]
 61319 | Abyss:4  | Paralysed by accursed screaming for 1 turns
 61329 | Abyss:4  | Gained mutation: You do not regenerate when monsters are
                  | visible. [a neqoxec]
 61343 | Abyss:4  | Paralysed by accursed screaming for 1 turns
 61390 | Abyss:4  | Lost mutation: You possess an exceptional clarity of mind.
                  | [potion of mutation]
 61390 | Abyss:4  | Lost mutation: You do not regenerate when monsters are
                  | visible. [potion of mutation]
 61390 | Abyss:4  | Gained mutation: You have a somewhat thin skeletal
                  | structure. (Dex +2, Stealth+) [potion of mutation]
 61859 | Abyss:4  | Gained mutation: You are dopey. (Int -2) [a neqoxec]
 61949 | Abyss:4  | Lost mutation: You sometimes lose the ability to read
                  | scrolls when taking damage. [potion of mutation]
 61949 | Abyss:4  | Lost mutation: You have a pair of small antennae on your
                  | head. [potion of mutation]
 61949 | Abyss:4  | Gained mutation: Your body often deteriorates upon taking
                  | damage. [potion of mutation]
 61949 | Abyss:4  | Gained mutation: You are partially covered in iridescent
                  | scales. (AC +2) [potion of mutation]
 62039 | Abyss:4  | Reached skill level 1 in Throwing
 62039 | Abyss:4  | Reached skill level 1 in Evocations
 62039 | Abyss:4  | Got an abyssal rune of Zot
 62098 | Depths:4 | Escaped the Abyss
 62170 | Pan      | Entered Pandemonium
 62267 | Pan      | Noticed Zorerengu the pandemonium lord
 62279 | Pan      | Killed Zorerengu the pandemonium lord
 62365 | Pan      | Identified the +5 chain mail of Omission {Harm Int+5}
 62900 | Pan      | Noticed Omio the pandemonium lord
 62909 | Pan      | Killed Omio the pandemonium lord
 62950 | Pan      | Gained mutation: You are clumsy. (Dex -2) [a cacodemon]
 62961 | Pan      | Reached skill level 25 in Invocations
 63039 | Pan      | Found a runed translucent door.
 63048 | Pan      | Found a runed translucent door.
 63055 | Pan      | Found a runed translucent door.
 63068 | Pan      | Found a runed translucent door.
 63074 | Pan      | Noticed Tezisionk the pandemonium lord
 63077 | Pan      | Killed Tezisionk the pandemonium lord
 63101 | Pan      | Identified the ring of Eternity {*Slow rPois rN+ Int+4}
 63657 | Pan      | Noticed Eryh the pandemonium lord
 63667 | Pan      | Killed Eryh the pandemonium lord
 63894 | Pan      | Entered the realm of Gloorx Vloq.
 64104 | Pan      | Noticed Gloorx Vloq
 64120 | Pan      | Killed Gloorx Vloq
 64131 | Pan      | Got a dark rune of Zot
 65039 | Pan      | Noticed Uboyll the pandemonium lord
 65057 | Pan      | Killed Uboyll the pandemonium lord
 65263 | Pan      | Noticed Eluyma Zapla the pandemonium lord
 65281 | Pan      | Killed Eluyma Zapla the pandemonium lord
 65319 | Pan      | Entered the realm of Cerebov.
 66040 | Pan      | Identified the +0 cloak "Keexky" {Harm rElec rF- Regen+}
 66099 | Pan      | Found the +6 sword of Cerebov {flame}
 66099 | Pan      | Noticed Cerebov
 66146 | Pan      | Identified the ring "Itwef" {rElec rN+ Will+ rCorr}
 66279 | Pan      | Killed Cerebov
 66356 | Pan      | Got a fiery rune of Zot
 66369 | Pan      | Identified the +9 halberd of Chaos {flame, Str+2 Int-2
                  | SInv}
 66387 | Pan      | Identified the ring "Offora" {rF+ rC++ EV+4 Slay+3}
 66446 | Pan      | Entered the realm of Lom Lobon.
 66514 | Pan      | Found an exit through the horrors of the Abyss.
 66727 | Pan      | Reached skill level 26 in Invocations
 67161 | Pan      | Noticed Lom Lobon
 67561 | Pan      | Killed Lom Lobon
 67590 | Pan      | Got a magical rune of Zot
 67868 | Pan      | Gained mutation: You are very clumsy. (Dex -4) [a neqoxec]
 67967 | Pan      | Gained mutation: You are very dopey. (Int -4) [a neqoxec]
 67970 | Pan      | Noticed Edoigg the pandemonium lord
 67978 | Pan      | Killed Edoigg the pandemonium lord
 68014 | Pan      | Gained mutation: You are weak. (Str -2) [a neqoxec]
 68034 | Pan      | Found an exit through the horrors of the Abyss.
 68184 | Pan      | Found a huge runed translucent gate.
 68187 | Pan      | Found a huge runed translucent gate.
 68193 | Pan      | Found a huge runed translucent gate.
 68236 | Pan      | Found a huge runed translucent gate.
 68236 | Pan      | Found a huge runed translucent gate.
 68626 | Pan      | Found a huge runed translucent gate.
 68626 | Pan      | Found a huge runed translucent gate.
 68629 | Pan      | Noticed Osmethe the pandemonium lord
 68651 | Pan      | Killed Osmethe the pandemonium lord
 68676 | Depths:2 | Escaped Pandemonium
 68763 | Tar:1    | Entered Level 1 of Tartarus
 69370 | Tar:6    | Reached skill level 27 in Invocations
 69479 | Tar:7    | Entered Level 7 of Tartarus
 69648 | Tar:7    | Noticed a dread lich
 69653 | Tar:7    | Paralysed by a dread lich for 6 turns
 69659 | Tar:7    | Killed a dread lich
 69846 | Tar:7    | Identified the +0 mace of Uncertain Death {vorpal, rF+}
 69862 | Tar:7    | Noticed a dread lich
 69862 | Tar:7    | Paralysed by a dread lich for 6 turns
 69865 | Tar:7    | Noticed a dread lich
 69870 | Tar:7    | Paralysed by a dread lich for 5 turns
 69876 | Tar:7    | Killed a dread lich
 69878 | Tar:7    | Killed a dread lich
 69896 | Tar:7    | Identified the +7 plate armour "Fengyrghe" {Harm rF- Dex+3}
 69897 | Tar:7    | Identified the +1 scythe "Avupn" {freeze, rN+ MP+9}
 69901 | Tar:7    | Identified the +3 ring mail "Hiquasch" {Int+3}
 70077 | Tar:7    | Noticed Ereshkigal
 70086 | Tar:7    | Noticed an ancient lich
 70097 | Tar:7    | Killed an ancient lich
 70209 | Tar:7    | Killed Ereshkigal
 70275 | Tar:7    | Got a bone rune of Zot
 70391 | Geh:1    | Entered Level 1 of Gehenna
 70479 | Geh:2    | You are sucked into a shaft and drop 1 floor!
 70479 | Geh:3    | Found a huge runed gate.
 70479 | Geh:3    | Found a huge runed gate.
 70479 | Geh:3    | Found a huge runed gate.
 70479 | Geh:3    | Found a huge runed gate.
 70479 | Geh:3    | Found a huge runed gate.
 70479 | Geh:3    | Found a huge runed gate.
 70479 | Geh:3    | Found a huge runed gate.
 70479 | Geh:3    | Found a huge runed gate.
 70479 | Geh:3    | Found a huge runed gate.
 70479 | Geh:3    | Found a huge runed gate.
 70510 | Geh:3    | Found a huge runed gate.
 70510 | Geh:3    | Found a huge runed gate.
 70510 | Geh:3    | Found a huge runed gate.
 70510 | Geh:3    | Found a huge runed gate.
 70510 | Geh:3    | Found a huge runed gate.
 70510 | Geh:3    | Found a huge runed gate.
 70539 | Geh:3    | Found a huge runed gate.
 70540 | Geh:3    | Found a huge runed gate.
 70692 | Geh:7    | Entered Level 7 of Gehenna
 71595 | Geh:7    | Found the +7 sceptre of Asmodeus
 71595 | Geh:7    | Noticed Asmodeus
 71619 | Geh:7    | Paralysed by a Zot trap for 5 turns
 71620 | Geh:7    | HP: 7/165 [Asmodeus (19)]
 71622 | Geh:7    | The Shining One protects you from harm!
 71625 | Geh:7    | Killed from afar by Asmodeus

Illustrated notes

Levels and vault maps discovered:
D:1:      kb_arrival_jail, layout_rooms, chequers_ecumenical_altar_simple_redux,
          columned_hall_lemuel, kennysheep_boxes
D:2:      layout_rooms, uniq_sigmund
D:3:      layout_rooms, ebering_ghost_rock_garden
D:4:      layout_gridville, minmay_temple_entry_statues_pillars,
          minmay_manual_mess
D:5:      layout_rooms, grunt_gozag_breadcrumbs, serial_curves, eino_curves_03,
          eino_curves_04, eino_curves_04, hangedman_decor_riveting
D:6:      layout_gridville, uniq_duvessa, uniq_maggie
D:7:      layout_cave_pods, serial_shops, nicolae_shop_bloodbath_and_beyond,
          nicolae_stop_n_shop_2
D:8:      layout_rooms, serial_curves, eino_curves_04, eino_curves_02,
          minmay_manual_mail
D:9:      layout_cave_pools, minmay_lair_entry_grove, roderic_lattice_a
D:10:     layout_basic, david_orc_2
D:11:     layout_cave_pods, eino_jars
D:12:     layout_loops_ring, uniq_gastronok
D:13:     layout_gridville, special_room [special_room_orc]
D:14:     layout_loops_corners, erik_vaults_2, elyvilon_altar_4,
          hangedman_feature_mirror, hellmonk_guarded_unrand_dark_maul,
          uniq_azrael
D:15:     grunt_enter_depths_snipers, layout_stronghold, uniq_nessos
Temple:   mainiacjoe_temple_starburst
Lair:1:   layout_roguey, grunt_megastairs_3
Lair:2:   layout_loops_ring, elwin_shoals_entry_rocks, dummy_spider_entry,
          gauntlet_entry_generic, chequers_serial_rivers_micro_e,
          lemuel_fruit_fields
Lair:3:   statuecave_lemuel, layout_concentric_octagons, enter_volcano_2,
          serial_rivers, chequers_serial_rivers_micro_a,
          chequers_serial_rivers_small_a, chequers_serial_rivers_micro_e,
          chequers_serial_rivers_small_a, lemuel_fruit_fields,
          uniq_prince_ribbit2
Lair:4:   layout_roguey
Lair:5:   nzn_winding_woodlands_stair_cross [nzn_winding_woodlands_5x15_default,
          nzn_winding_woodlands_center_triple_pond,
          nzn_winding_woodlands_5x15_sidewinder,
          nzn_winding_woodlands_5x5_checkerboard,
          nzn_winding_woodlands_5x5_cross, nzn_winding_woodlands_5x15_twine,
          nzn_winding_woodlands_center_lodge,
          nzn_winding_woodlands_5x15_zeroes], layout_cave_pods
Lair:6:   hangedman_lair_caniforms_friends, layout_gridlike,
          minmay_slime_entry_oklob_open, gammafunk_ghost_necromancy
Shoals:1: dreamdust_from_the_deep, layout_shoals,
          portal_ice_cave_entry_ugly_swarm, hellmonk_ghost_happy_afterlife
Shoals:2: cheibrodos_shoals_baths, layout_shoals
Shoals:3: layout_shoals, uniq_polyphemus
Shoals:4: shoals_end_grunt_garden, layout_shoals,
          nicolae_shoals_nautilus_by_nature
Spider:1: layout_spider_delve, hangedman_spider_tarantella_strand, uniq_nikola
Spider:2: layout_cave_pods
Spider:3: layout_chambers
Spider:4: guppyfry_spider_rune
Orc:1:    layout_diamond_mine, uniq_josephine
Orc:2:    grunt_orc_tribal_feast, layout_caves
Elf:1:    minmay_elf_arrival_circle, layout_geoelf_octagon, serial_shops, shop,
          shop, shop, minivault_16, grunt_ministairs_15, lemuel_upstairs_altar,
          uniq_frances
Elf:2:    nicolae_elf_blades_splatter_lattice
          [nicolae_blade_entry_sentries_behind_glass], layout_geoelf_diagonals,
          einodemon_barbed_minivault
Elf:3:    elf_hall, layout_gridlike
Vaults:1: nicolae_vaults_border_crossing, nicolae_vaults_disjoint_gnomons,
          vaults_room_door_hall, nicolae_vaults_yaktaur_gun_rack,
          nicolae_vaults_rhombus_7, v_misc_3, nicolae_vaults_specimen_jars,
          vaults_dpeg_hooks, vaults_room_boxed, nicolae_vaults_statue_guard,
          layout_vaults_maze_snakey
Vaults:2: st_cells, v_misc_3, vaults_mumra_minichess, v_misc_30,
          layout_vaults_omnigrid
Vaults:3: gammafunk_ghost_mausoleum, minmay_crypt_entry_simple_box,
          hangedman_vaults_capsules, vaults_dpeg_encased_lava, v_misc_15,
          nicolae_vaults_rhombus_6, dpeg_vaults_monster_row, v_misc_2,
          v_misc_33, vaults_mumra_chevron, nicolae_vaults_ring_of_whatevers,
          layout_vaults_big_room
Vaults:4: v_misc_15, hangedman_vaults_locks, v_misc_12, ontoclasm_vaults_spin,
          hangedman_vaults_corner, ontoclasm_vaults_misaligned,
          hangedman_vaults_snaps, v_misc_8, serial_ice_b,
          vaults_mumra_bighexcomb, v_misc_2, nicolae_vaults_little_ls,
          v_misc_13, nicolae_vaults_rhombus_5, layout_vaults_omnibox,
          serial_shops, bzr_entry_gold, shop, nicolae_shop_behind_doors
Vaults:5
Crypt:1:  layout_gridlike, hex_intersection, grunt_ministairs_6,
          grunt_crypt_arrival_split, uniq_margery, uniq_frederick, uniq_khufu
Crypt:2:  layout_misc_corridors, grunt_megastairs_1, uniq_bai_suzhen, uniq_boris
Crypt:3:  evilmike_haunted_forest
Depths:1: grunt_twisty_corner, layout_cave_pools,
          grunt_hell_entry_demonic_statue, kiku_gazebo_garden_becter,
          serial_column_ruins, column_ruins_portal_hut, column_ruins_grid_1,
          column_ruins_open_small, column_ruins_grid_1, column_ruins_columns_T,
          column_ruins_open_small, nicolae_twisting_strands,
          chequers_serial_rivers_room_a, pandoras_box_mu
Depths:2: minmay_crescents, layout_cave_shapes, enter_ziggurat_c,
          rand_demon_pan_entry_4, hell_entry, kennysheep_generic_room_4,
          minmay_staircase_statues, serial_bayou_shore_a
Depths:3: nicolae_BIG_FREAKIN_CUBE, layout_honeycomb, hangedman_decor_growths,
          abyss_entry_flame_altar, hell_entry,
          nicolae_dithmenos_through_a_glass_darkly, uniq_saint_roka
Depths:4: grunt_zot_entry_hairpin, layout_honeycomb,
          abyss_entry_small_statue_room, pf_hell_entry_tar_river,
          serial_sigils_hangedman_shear, uniq_mennas
Hell
Geh:1:    layout_gehenna_lava_caves
Geh:2:    nicolae_hells_titanomachy
Geh:3:    layout_gehenna_pools_box, door_vault
Geh:4:    layout_gehenna_pools_basic
Geh:5:    layout_gehenna_lava_caves
Geh:6:    layout_gehenna_pools_triple, lemuel_flamethrower_3
Geh:7:    geh_hangedman
Tar:1:    layout_grid_maze, nicolae_hells_hurtin_island
Tar:2:    layout_catacombs
Tar:3:    layout_grid_maze
Tar:4:    layout_grid_maze
Tar:5:    layout_grid_maze, nicolae_tar_spectre_spectrum
Tar:6:    layout_honeycomb, nicolae_hells_seeping_fissure
Tar:7:    tar_grunt_cathedral
Zot:1:    layout_misc_corridors

Skill      XL: |  1  2  3  4  5  6  7  8  9 10 11 12 13 14 15 16 17 18 19 20 21 22 23 24 25 26 27 |
---------------+----------------------------------------------------------------------------------+-----
Maces & Flails | 3 4 5 6 7 9 10 12 14 15 16 17 18 19 20 21 22 | 22.0
Fighting       | 4 5 6 7 9 10 12 13 14 15 16 17 18 19 20 21 25 | 25.4
Armour         | 4 5 6 7 8 10 11 12 13 14 15 16 17 18 19 21 | 21.3
Dodging        | 1 2 3 4 5 6 |  6.0
Shields        | 4 5 6 7 9 10 11 12 13 14 15 16 17 19 20 25 | 25.6
Invocations    | 3 4 6 7 8 9 11 12 14 15 17 18 19 20 21 22 23 24 27 | 27.0
Axes           | 9 13 15 17 23 | 23.2
Throwing       | 1 |  1.8
Evocations     | 1 |  1.8

Action                   |  1- 3 |  4- 6 |  7- 9 | 10-12 | 13-15 | 16-18 | 19-21 | 22-24 | 25-27 || total
-------------------------+-------+-------+-------+-------+-------+-------+-------+-------+-------++-------
Melee: Flail             |   103 |   206 |   372 |   735 |  1987 |   784 |   515 |       |       ||  4702
       Whip              |       |       |       |    99 |    23 |  1361 |  1966 |   504 |       ||  3953
       Morningstar       |       |       |       |       |       |       |       |   323 |       ||   323
       Broad axe         |       |       |       |       |       |       |       |  1057 |  3747 ||  4804
       Eveningstar       |       |       |       |       |       |       |       |       |   252 ||   252
Throw: Dart              |       |       |       |       |       |     1 |     1 |       |       ||     2
Invok: Cleansing Flame   |       |       |       |       |    16 |    62 |    35 |    58 |   149 ||   320
       Divine Shield     |       |       |       |       |       |     1 |       |       |       ||     1
       Brand Weapon With |       |       |       |       |       |       |       |     1 |       ||     1
Evoke: Wand              |       |       |       |       |       |     6 |       |     1 |     2 ||     9
  Use: Scroll            |       |     4 |       |     6 |     7 |     6 |    18 |     3 |    16 ||    60
       Potion            |       |       |     1 |     5 |     1 |     5 |     2 |     1 |    22 ||    37
Armor: Scale mail        |    62 |    93 |   195 |    38 |       |       |       |       |       ||   388
       Chain mail        |       |       |       |   373 |   750 |       |       |       |       ||  1123
       Plate armour      |       |       |       |       |   392 |  1488 |   673 |       |       ||  2553
       Gold dragon scale |       |       |       |       |       |       |   611 |  1436 |  2767 ||  4814
Dodge: Dodged            |    51 |    89 |   181 |   428 |  1002 |   966 |   705 |   397 |   756 ||  4575
Block: Buckler           |    13 |    41 |    83 |   174 |   498 |   537 |   517 |       |       ||  1863
       Kite shield       |       |       |       |       |       |       |     7 |  1011 |   249 ||  1267
       Tower shield      |       |       |       |       |       |       |       |       |  3158 ||  3158
